Blackhawks vs Senateurs (R1)

Created - November 26, 2023 at 19:41

Goals
1 2 3 OT1 T
Blackhawks 0 1 1 0 2
Senateurs 1 0 1 1 3
Shots
1 2 3 OT1 T
Blackhawks 13 15 18 0 46
Senateurs 12 1 19 2 34

1st period

1. Senateurs , Erik Gudbranson 3 (Tim Schaller 6) at 17:22

Penalties :
Derick Brassard (Ott) for Hooking (Minor) at 2:43, Michael Frolik (Ott) for Boarding (Major) at 4:00, Antoine Roussel (Chi) for Tripping (Minor) at 4:38

2nd period

2. Blackhawks , Stefan Matteau 2 (Corey Perry 7, Petter Granberg 3) at 6:55

Penalties :
Jamie McBain (Chi) for Tripping (Minor) at 0:38, Derick Brassard (Ott) for Tripping (Minor) at 2:33, Eric Gelinas (Ott) for Holding (Minor) at 8:12, Antoine Roussel (Chi) for Hooking (Minor) at 17:52

3rd period

3. Senateurs , David Backes 8 (Derick Brassard 8, Erik Haula 8) at 2:45
4. Blackhawks , Corey Perry 2 (Stefan Matteau 2, Andrew Mangiapane 2) at 14:53

Penalties :
Jakob Silfverberg (Chi) for Tripping (Minor) at 0:28, Jordan Martinook (Ott) for Tripping (Minor) at 3:07, David Backes (Ott) for Hooking (Minor) at 8:42, Jakob Silfverberg (Chi) for Interference (Minor) at 9:06, Eric Gelinas (Ott) for Holding (Minor) at 10:03

Overtime #1

5. Senateurs , Brandon Sutter 4 (Derick Brassard 9) at 1:21

Penalties :
No Penalty

Goalie Stats

James Reimer (Chi), 31 saves from 34 shots - (0.912), OTL, 6-9-3, 61:21 minutes
Martin Jones (Ott), 44 saves from 46 shots - (0.957), W, 8-7-1, 61:21 minutes

Players Stats for Blackhawks

Player Name              G  A  P  +/- PIM S  H  SB GA TA FO     MP     PP MP  PK MP  
------------------------------------------------------------------------------------
Andrew Mangiapane        0  1  1   2  0   0  2  0  0  0  0/1    10:36   0:56   1:20 
Antoine Roussel          0  0  0  -1  4   3  0  2  0  0  0/2    16:29   4:39   1:32 
Ben Harpur               0  0  0  -1  0   1  1  3  0  1  0/0    20:34   5:38   2:28 
Brett Maclean            0  0  0   0  0   0  0  0  0  0  0/0     9:12   0:00   0:04 
Calvin de Haan           0  0  0  -1  0   2  1  1  0  0  0/0    21:36   5:04   3:19 
Corey Perry              1  1  2   2  0   7  1  0  0  0  0/0     9:59   1:01   0:00 
Jakob Silfverberg        0  0  0  -3  4   3  0  1  2  0  0/0    19:29   6:10   0:00 
James Wright             0  0  0   0  0   3  1  1  1  1  1/4    10:26   0:32   0:45 
Jamie McBain             0  0  0  -1  2   5  2  2  0  1  0/0    29:03   5:40   2:02 
Johnny Gaudreau          0  0  0  -2  0   4  2  0  0  0  2/3    24:08   5:45   2:57 
Jordan Staal             0  0  0  -1  0   3  1  0  0  1  20/34  23:20   5:45   2:57 
Mike Amadio              0  0  0   0  0   5  0  0  0  1  0/0    10:47   0:12   0:00 
Nick Bjugstad            0  0  0   0  0   5  2  0  0  0  0/0    14:25   4:50   0:00 
Nick Bonino              0  0  0  -1  0   0  1  0  0  0  13/18  17:05   4:31   2:11 
Petter Granberg          0  1  1   1  0   1  1  1  0  1  0/0    11:39   1:12   0:32 
Radko Gudas              0  0  0   0  0   2  3  1  0  2  0/0    29:16   5:22   3:25 
Robert Hagg              0  0  0   1  0   1  0  2  0  0  0/0     9:22   0:16   0:00 
Stefan Matteau           1  1  2   2  0   1  0  0  2  0  1/3     6:37   0:00   0:00 

Players Stats for Senateurs

Player Name              G  A  P  +/- PIM S  H  SB GA TA FO     MP     PP MP  PK MP  
------------------------------------------------------------------------------------
Brandon Dubinsky         0  0  0   0  0   2  1  0  1  0  1/5    10:50   0:00   2:03 
Brandon Sutter           1  0  1   1  0   2  0  0  1  1  11/25  19:18   1:45   5:16 
Braydon Coburn           0  0  0   0  0   3  1  1  1  0  0/0    21:59   1:43   6:54 
Cody Eakin               0  0  0   0  0   0  0  0  0  0  0/1     6:41   0:00   0:00 
David Backes             1  0  1   0  2   7  1  0  1  0  0/0    16:39   4:03   0:00 
Dennis Everberg          0  0  0   0  0   1  0  0  0  0  0/0     6:41   0:00   0:00 
Derick Brassard          0  2  2   1  4   4  3  1  1  0  0/0    22:51   4:07   3:09 
Dmitry Sinitsyn          0  0  0  -2  0   0  2  2  0  0  0/0    12:57   0:00   0:40 
Eric Gelinas             0  0  0   3  4   0  2  1  0  2  0/0    24:24   4:10   3:14 
Erik Gudbranson          1  0  1   2  0   4  4  3  0  1  0/0    27:59   4:10   5:51 
Erik Haula               0  1  1   0  0   2  4  0  0  1  14/30  22:58   4:08   4:58 
Jordan Martinook         0  0  0   0  2   2  3  0  0  0  1/2    15:14   1:45   3:27 
Ladislav Smid            0  0  0   0  0   1  2  2  1  0  0/0    21:17   1:43   5:42 
Michael Frolik           0  0  0   0  5   3  2  0  1  0  0/0    15:06   1:45   2:39 
Riley Sheahan            0  0  0   0  0   0  0  0  1  0  1/1     9:30   0:05   0:00 
Rostislav Olesz          0  0  0   0  0   1  0  0  0  0  0/1    12:05   0:00   2:08 
Taylor Chorney           0  0  0  -2  0   0  0  0  0  0  0/0    13:53   0:00   1:30 
Tim Schaller             0  1  1   0  0   2  1  0  0  0  0/0     6:41   0:00   0:00 

3 Stars

1 - Martin Jones (Ott)
2 - Erik Gudbranson (Ott)
3 - Corey Perry (Chi)

Power Play

Blackhawks - 0 on 7 Attempt(s) - 0.00%
Senateurs - 0 on 5 Attempt(s) - 0.00%

Penalty Kill

Blackhawks - 5 on 5 Attempt(s) - 100.00% - Score 0 goal in Penalty Kill
Senateurs - 7 on 7 Attempt(s) - 100.00% - Score 0 goal in Penalty Kill

Team Stat

Blackhawks - Hits : 18 - Faceoff Wins : 37 - Blocked Shots : 14 - Penalty Minutes : 10
Senateurs - Hits : 26 - Faceoff Wins : 28 - Blocked Shots : 10 - Penalty Minutes : 17

Official

Referees : Ghislain Hebert and Mitch Dunning
Linesman : Derek Nansen and Ryan Gibbons

Game Notes

No Game Note

Finance

Level 1 -- Attendance: 5456 (90.93%) -- Ticket Income $545,600
Level 2 -- Attendance: 4498 (89.96%) -- Ticket Income $269,880
Level 3 -- Attendance: 2000 (100.00%) -- Ticket Income $70,000
Level 4 -- Attendance: 4000 (100.00%) -- Ticket Income $100,000
Luxury Box -- Attendance: 1000 (100.00%) -- Ticket Income $200,000
Game was played at the Centre Canadian Tire.
Total Attendance: 16954 (94.19%)
Total Ticket Income: $1,185,480
Other Income: $177,822
Total Income: $1,363,302

Blackhawks

5 vs 5 Forward 
   Center                   Left Wing                Right Wing               Time % Phy DF OF 
 1 Jordan Staal             Johnny Gaudreau          Jakob Silfverberg        40     1   2  2  
 2 Nick Bonino              Antoine Roussel          Nick Bjugstad            30     1   2  2  
 3 James Wright             Brett Maclean            Mike Amadio              20     1   2  2  
 4 Stefan Matteau           Andrew Mangiapane        Corey Perry              10     1   2  2  

5 vs 5 Defense 
   Defense                  Defense                                           Time % Phy DF OF 
 1 Jamie McBain             Radko Gudas                                       40     1   2  2  
 2 Ben Harpur               Calvin de Haan                                    30     1   2  2  
 3 Petter Granberg          Robert Hagg                                       20     1   2  2  
 4 Jamie McBain             Radko Gudas                                       10     1   2  2  

PowerPlay Forward 
   Center                   Left Wing                Right Wing               Time % Phy DF OF 
 1 Jordan Staal             Johnny Gaudreau          Jakob Silfverberg        60     1   2  2  
 2 Nick Bonino              Antoine Roussel          Nick Bjugstad            40     1   2  2  

PowerPlay Defense
   Defense                  Defense                                           Time % Phy DF OF 
 1 Jamie McBain             Radko Gudas                                       60     1   2  2  
 2 Ben Harpur               Calvin de Haan                                    40     1   2  2  

Penalty Kill 4 Players Forward 
   Center                   Wing                     Time % Phy DF OF 
 1 Jordan Staal             Johnny Gaudreau          60     1   2  2  
 2 Nick Bonino              Antoine Roussel          40     1   2  2  

Penalty Kill 4 Players Defense
   Defense                  Defense                  Time % Phy DF OF 
 1 Jamie McBain             Radko Gudas              60     1   2  2  
 2 Ben Harpur               Calvin de Haan           40     1   2  2  

Penalty Kill - 3 Players Forward 
   Forward                                           Time % Phy DF OF 
 1 Jordan Staal                                      60     1   2  2  
 2 Nick Bonino                                       40     1   2  2  

Penalty Kill - 3 Players Defense
   Defense                  Defense                  Time % Phy DF OF 
 1 Jamie McBain             Radko Gudas              60     1   2  2  
 2 Ben Harpur               Calvin de Haan           40     1   2  2  

4 vs 4 Forward 
   Center                   Wing                     Time % Phy DF OF 
 1 Jordan Staal             Johnny Gaudreau          60     1   2  2  
 2 Nick Bonino              Antoine Roussel          40     1   2  2  

4 vs 4 Defense
   Defense                  Defense                  Time % Phy DF OF 
 1 Jamie McBain             Radko Gudas              60     1   2  2  
 2 Ben Harpur               Calvin de Haan           40     1   2  2  

Last Minutes Offensive
   Center                   Left Wing                Right Wing               Defense                  Defense                  
   Jordan Staal             Johnny Gaudreau          Jakob Silfverberg        Jamie McBain             Radko Gudas              

Last Minutes Defensive
   Center                   Left Wing                Right Wing               Defense                  Defense                  
   Jordan Staal             Johnny Gaudreau          Jakob Silfverberg        Jamie McBain             Radko Gudas              

Goaltenders
Starting : James Reimer             
Backup : Joe Cannata              

Extra Forwards
Normal : Jordan Staal, Corey Perry, Mike Amadio - PP : Jordan Staal, Corey Perry - PK : Jordan Staal
Extra Defensemen
Normal : Calvin de Haan, Petter Granberg, Robert Hagg - PP : Calvin de Haan - PK : Calvin de Haan, Petter Granberg
Penalty Shots
Johnny Gaudreau, Jakob Silfverberg, Nick Bjugstad, Antoine Roussel, Jordan Staal
Custom OT Lines Forwards
Johnny Gaudreau, Jakob Silfverberg, Nick Bjugstad, Antoine Roussel, Jordan Staal, Corey Perry, Mike Amadio, Nick Bonino, Brett Maclean, James Wright
Custom OT Lines Defensemen
Jamie McBain, Radko Gudas, Ben Harpur, Calvin de Haan, Petter Granberg

Scratches
None

Senateurs

5 vs 5 Forward 
   Center                   Left Wing                Right Wing               Time % Phy DF OF 
 1 Erik Haula               Derick Brassard          David Backes             40     0   2  3  
 2 Brandon Sutter           Jordan Martinook         Michael Frolik           30     1   2  2  
 3 Brandon Dubinsky         Rostislav Olesz          Riley Sheahan            20     1   2  2  
 4 Cody Eakin               Tim Schaller             Dennis Everberg          10     1   2  2  

5 vs 5 Defense 
   Defense                  Defense                                           Time % Phy DF OF 
 1 Erik Gudbranson          Eric Gelinas                                      40     1   2  2  
 2 Ladislav Smid            Braydon Coburn                                    35     1   2  2  
 3 Taylor Chorney           Dmitry Sinitsyn                                   25     1   2  2  
 4 Erik Gudbranson          Eric Gelinas                                      0      1   2  2  

PowerPlay Forward 
   Center                   Left Wing                Right Wing               Time % Phy DF OF 
 1 Erik Haula               Derick Brassard          David Backes             60     0   0  5  
 2 Brandon Sutter           Jordan Martinook         Michael Frolik           40     0   1  4  

PowerPlay Defense
   Defense                  Defense                                           Time % Phy DF OF 
 1 Erik Gudbranson          Eric Gelinas                                      60     0   1  4  
 2 Ladislav Smid            Braydon Coburn                                    40     0   1  4  

Penalty Kill 4 Players Forward 
   Center                   Wing                     Time % Phy DF OF 
 1 Erik Haula               Derick Brassard          50     1   3  1  
 2 Brandon Sutter           Jordan Martinook         50     1   3  1  

Penalty Kill 4 Players Defense
   Defense                  Defense                  Time % Phy DF OF 
 1 Erik Gudbranson          Eric Gelinas             50     1   3  1  
 2 Ladislav Smid            Braydon Coburn           50     1   3  1  

Penalty Kill - 3 Players Forward 
   Forward                                           Time % Phy DF OF 
 1 Brandon Sutter                                    50     1   4  0  
 2 Erik Haula                                        50     1   4  0  

Penalty Kill - 3 Players Defense
   Defense                  Defense                  Time % Phy DF OF 
 1 Erik Gudbranson          Brandon Dubinsky         50     1   4  0  
 2 Ladislav Smid            Braydon Coburn           50     1   4  0  

4 vs 4 Forward 
   Center                   Wing                     Time % Phy DF OF 
 1 Brandon Sutter           Derick Brassard          60     1   2  2  
 2 Erik Haula               Jordan Martinook         40     1   2  2  

4 vs 4 Defense
   Defense                  Defense                  Time % Phy DF OF 
 1 Erik Gudbranson          Eric Gelinas             60     1   2  2  
 2 Ladislav Smid            Braydon Coburn           40     1   2  2  

Last Minutes Offensive
   Center                   Left Wing                Right Wing               Defense                  Defense                  
   Brandon Sutter           Derick Brassard          David Backes             Erik Gudbranson          Eric Gelinas             

Last Minutes Defensive
   Center                   Left Wing                Right Wing               Defense                  Defense                  
   Brandon Sutter           Derick Brassard          David Backes             Erik Gudbranson          Eric Gelinas             

Goaltenders
Starting : Martin Jones             
Backup : Jaroslav Halak           

Extra Forwards
Normal : Michael Frolik, Riley Sheahan, Brandon Dubinsky - PP : Michael Frolik, Riley Sheahan - PK : Michael Frolik
Extra Defensemen
Normal : Braydon Coburn, Taylor Chorney, Dmitry Sinitsyn - PP : Braydon Coburn - PK : Braydon Coburn, Taylor Chorney
Penalty Shots
Derick Brassard, Brandon Sutter, Erik Haula, David Backes, Michael Frolik
Custom OT Lines Forwards
Derick Brassard, Brandon Sutter, Erik Haula, David Backes, Michael Frolik, Riley Sheahan, Brandon Dubinsky, Jordan Martinook, Rostislav Olesz, Cody Eakin
Custom OT Lines Defensemen
Erik Gudbranson, Eric Gelinas, Ladislav Smid, Braydon Coburn, Taylor Chorney

Scratches
Garnet Hathaway (Healthy), Kyle Rau (Healthy), Zemgus Girgensons (Healthy)

% Time on Ice - Blackhawks

Lines # - Real PCT - Wanted PCT - Time Play
Normal Forward
1 - 36% - 40% - 13:47
2 - 24% - 30% - 9:10
3 - 23% - 20% - 9:00
4 - 17% - 10% - 6:37
Normal Defense
1 - 44% - 40% - 17:03
2 - 32% - 30% - 12:09
3 - 24% - 20% - 9:06
4 - 1% - 10% - 0:16
PP Forward
1 - 58% - 60% - 6:41
2 - 42% - 40% - 4:50
PP Defense
1 - 56% - 60% - 6:27
2 - 44% - 40% - 5:04
PK Forward
1 - 63% - 60% - 3:42
2 - 37% - 40% - 2:11
PK Defense
1 - 67% - 60% - 3:57
2 - 33% - 40% - 1:56
PK3 Forward
1 - 0% - 60%
2 - 0% - 40%
PK3 Defense
1 - 0% - 60%
2 - 0% - 40%
44 Forward
1 - 70% - 60% - 2:49
2 - 30% - 40% - 1:13
44 Defense
1 - 74% - 60% - 2:58
2 - 26% - 40% - 1:04
Last Minute Offensive  - 0:00
Last Minute Defensive  - 0:00
Total
Forward - 60:00
Defense - 60:00

% Time on Ice - Senateurs

Lines # - Real PCT - Wanted PCT - Time Play
Normal Forward
1 - 32% - 40% - 12:23
2 - 29% - 30% - 11:01
3 - 22% - 20% - 8:29
4 - 17% - 10% - 6:41
Normal Defense
1 - 39% - 40% - 14:52
2 - 32% - 35% - 12:24
3 - 29% - 25% - 11:18
4 - 0% - 0% - 0:00
PP Forward
1 - 70% - 60% - 4:08
2 - 30% - 40% - 1:45
PP Defense
1 - 71% - 60% - 4:10
2 - 29% - 40% - 1:43
PK Forward
1 - 49% - 50% - 5:17
2 - 51% - 50% - 5:36
PK Defense
1 - 52% - 50% - 5:41
2 - 48% - 50% - 5:12
PK3 Forward
1 - 55% - 50% - 0:44
2 - 45% - 50% - 0:36
PK3 Defense
1 - 44% - 50% - 0:35
2 - 56% - 50% - 0:45
44 Forward
1 - 70% - 60% - 2:20
2 - 30% - 40% - 1:00
44 Defense
1 - 56% - 60% - 1:52
2 - 44% - 40% - 1:28
Last Minute Offensive  - 0:00
Last Minute Defensive  - 0:00
Total
Forward - 60:00
Defense - 60:00

Play-by-Play

1st period


0:01 of 1st period - Jordan Staal wins face-off versus Erik Haula in neutral zone.
0:08 of 1st period - Slapshot by Jakob Silfverberg.
0:08 of 1st period - Shot Blocked by Eric Gelinas.
0:38 of 1st period - Jamie McBain is hit by Eric Gelinas and loses puck.
0:55 of 1st period - Snap shot by Jamie McBain.
0:55 of 1st period - Shot Blocked by Ladislav Smid.
0:57 of 1st period - Wrist shot by James Wright.
0:57 of 1st period - Stopped by Martin Jones with a rebound.
0:59 of 1st period - Slapshot by Jamie McBain.
0:59 of 1st period - Shot Misses the Net.
1:01 of 1st period - Wrist shot by Jamie McBain.
1:01 of 1st period - Stopped by Martin Jones without a rebound.
1:02 of 1st period - Stefan Matteau wins face-off versus Cody Eakin in Senateurs zone.
1:03 of 1st period - Wrist shot by Corey Perry.
1:03 of 1st period - Stopped by Martin Jones with a rebound.
1:27 of 1st period - Jordan Staal is hit by Derick Brassard and loses puck.
1:50 of 1st period - Petter Granberg is hit by Ladislav Smid and loses puck.
2:06 of 1st period - Icing by Robert Hagg.
2:07 of 1st period - Nick Bonino wins face-off versus Brandon Dubinsky in Blackhawks zone.
2:22 of 1st period - Wrist shot by Johnny Gaudreau.
2:22 of 1st period - Shot Blocked by Dmitry Sinitsyn.
2:43 of 1st period - Minor Penalty to Derick Brassard for Hooking.
2:44 of 1st period - Jordan Staal wins face-off versus Erik Haula in Senateurs zone.
2:46 of 1st period - Snap shot by Jordan Staal.
2:46 of 1st period - Stopped by Martin Jones with a rebound.
3:00 of 1st period - Snap shot by Johnny Gaudreau.
3:00 of 1st period - Stopped by Martin Jones without a rebound.
3:01 of 1st period - Nick Bonino wins face-off versus Brandon Sutter in Senateurs zone.
4:00 of 1st period - Major Penalty to Michael Frolik for Boarding.
4:01 of 1st period - Jordan Staal wins face-off versus Brandon Sutter in Senateurs zone.
4:38 of 1st period - Minor Penalty to Antoine Roussel for Tripping.
4:39 of 1st period - Erik Haula wins face-off versus Jordan Staal in Blackhawks zone.
4:43 of 1st period - Penalty to Derick Brassard is over, Derick Brassard is back on ice.
6:30 of 1st period - Radko Gudas is hit by Eric Gelinas and loses puck.
6:38 of 1st period - Penalty to Antoine Roussel is over, Antoine Roussel is back on ice.
7:37 of 1st period - Radko Gudas is hit by Braydon Coburn.
8:38 of 1st period - Calvin de Haan is hit by Erik Haula and loses puck.
9:00 of 1st period - Penalty to Michael Frolik is over, Michael Frolik is back on ice.
9:22 of 1st period - Wrist shot by Corey Perry.
9:22 of 1st period - Stopped by Martin Jones with a rebound.
9:34 of 1st period - Taylor Chorney is hit by Jamie McBain and loses puck.
10:37 of 1st period - Ben Harpur is hit by Tim Schaller and loses puck.
10:44 of 1st period - Erik Gudbranson is hit by Corey Perry and loses puck.
10:59 of 1st period - Jakob Silfverberg is hit by Erik Haula.
11:11 of 1st period - Snap shot by Nick Bjugstad.
11:11 of 1st period - Deflect By Nick Bonino.
11:11 of 1st period - Shot Misses the Net.
11:11 of 1st period - Puck is out of play.
11:12 of 1st period - Brandon Sutter wins face-off versus Nick Bonino in Senateurs zone.
12:16 of 1st period - Johnny Gaudreau is hit by Jordan Martinook.
12:44 of 1st period - Off-side.
12:45 of 1st period - Erik Haula wins face-off versus Stefan Matteau in neutral zone.
12:54 of 1st period - Wrist shot by David Backes.
12:54 of 1st period - Stopped by James Reimer with a rebound.
13:11 of 1st period - Ben Harpur is hit by Jordan Martinook and loses puck.
13:17 of 1st period - Off-side.
13:18 of 1st period - Jordan Staal wins face-off versus Brandon Sutter in neutral zone.
13:33 of 1st period - Slapshot by Jordan Martinook.
13:33 of 1st period - Stopped by James Reimer with a rebound.
13:55 of 1st period - Snap shot by Antoine Roussel.
13:55 of 1st period - Shot Misses the Net.
14:07 of 1st period - Wrist shot by Brandon Dubinsky.
14:07 of 1st period - Stopped by James Reimer with a rebound.
14:09 of 1st period - Snap shot by Brandon Dubinsky.
14:09 of 1st period - Shot Misses the Net.
14:11 of 1st period - Slapshot by Erik Gudbranson.
14:11 of 1st period - Stopped by James Reimer with a rebound.
14:17 of 1st period - Slapshot by Erik Gudbranson.
14:17 of 1st period - Stopped by James Reimer without a rebound.
14:18 of 1st period - Erik Haula wins face-off versus Jordan Staal in Blackhawks zone.
14:19 of 1st period - Snap shot by David Backes.
14:19 of 1st period - Stopped by James Reimer with a rebound.
14:29 of 1st period - Wrist shot by Derick Brassard.
14:29 of 1st period - Stopped by James Reimer with a rebound.
14:45 of 1st period - Erik Gudbranson is hit by Nick Bonino and loses puck.
14:56 of 1st period - Snap shot by Rostislav Olesz.
14:56 of 1st period - Stopped by James Reimer with a rebound.
15:33 of 1st period - Wrist shot by Stefan Matteau.
15:33 of 1st period - Shot Misses the Net.
16:15 of 1st period - Wrist shot by Jordan Martinook.
16:15 of 1st period - Shot Misses the Net.
16:17 of 1st period - Wrist shot by Jordan Martinook.
16:17 of 1st period - Stopped by James Reimer without a rebound.
16:18 of 1st period - Nick Bonino wins face-off versus Erik Haula in Blackhawks zone.
16:29 of 1st period - Wrist shot by Nick Bjugstad.
16:29 of 1st period - Stopped by Martin Jones with a rebound.
17:16 of 1st period - Snap shot by Tim Schaller.
17:16 of 1st period - Shot Blocked by Robert Hagg.
17:18 of 1st period - Snap shot by Erik Gudbranson.
17:18 of 1st period - Shot Blocked by Robert Hagg.
17:20 of 1st period - Slapshot by Tim Schaller.
17:20 of 1st period - Stopped by James Reimer with a rebound.
17:22 of 1st period - Slapshot by Erik Gudbranson.
17:22 of 1st period - Goal by Erik Gudbranson - Blackhawks : 0 - Senateurs : 1.
17:23 of 1st period - Erik Haula wins face-off versus Jordan Staal in neutral zone.
17:28 of 1st period - Wrist shot by Derick Brassard.
17:28 of 1st period - Shot Misses the Net.
17:30 of 1st period - Snap shot by Erik Haula.
17:30 of 1st period - Shot Misses the Net.
17:32 of 1st period - Snap shot by Erik Haula.
17:32 of 1st period - Stopped by James Reimer without a rebound.
17:33 of 1st period - Erik Haula wins face-off versus Jordan Staal in Blackhawks zone.
17:53 of 1st period - Jakob Silfverberg is hit by Dmitry Sinitsyn and loses puck.
18:58 of 1st period - Slapshot by Johnny Gaudreau.
18:58 of 1st period - Stopped by Martin Jones without a rebound.
18:59 of 1st period - Nick Bonino wins face-off versus Brandon Sutter in Senateurs zone.
19:04 of 1st period - Snap shot by Nick Bjugstad.
19:04 of 1st period - Stopped by Martin Jones with a rebound.
19:06 of 1st period - Snap shot by Nick Bjugstad.
19:06 of 1st period - Deflect By Nick Bonino.
19:06 of 1st period - Shot Misses the Net.
19:06 of 1st period - Puck is out of play.
19:07 of 1st period - Nick Bonino wins face-off versus Brandon Sutter in Senateurs zone.
19:08 of 1st period - Snap shot by Nick Bjugstad.
19:08 of 1st period - Shot Misses the Net.
19:10 of 1st period - Slapshot by Ben Harpur.
19:10 of 1st period - Stopped by Martin Jones without a rebound.
19:11 of 1st period - Nick Bonino wins face-off versus Brandon Sutter in Senateurs zone.
19:12 of 1st period - Slapshot by Nick Bjugstad.
19:12 of 1st period - Stopped by Martin Jones without a rebound.
19:13 of 1st period - Nick Bonino wins face-off versus Brandon Sutter in Senateurs zone.
19:28 of 1st period - Snap shot by Michael Frolik.
19:28 of 1st period - Shot Blocked by Antoine Roussel.
19:30 of 1st period - Wrist shot by Brandon Sutter.
19:30 of 1st period - Shot Misses the Net.
19:46 of 1st period - Snap shot by Mike Amadio.
19:46 of 1st period - Stopped by Martin Jones without a rebound.
19:47 of 1st period - Jordan Staal wins face-off versus Erik Haula in Senateurs zone.
19:48 of 1st period - Snap shot by Johnny Gaudreau.
19:48 of 1st period - Stopped by Martin Jones with a rebound.
19:50 of 1st period - Snap shot by Jordan Staal.
19:50 of 1st period - Shot Misses the Net.
19:52 of 1st period - Slapshot by Jamie McBain.
19:52 of 1st period - Deflect By Jakob Silfverberg.
19:52 of 1st period - Shot Misses the Net.
19:52 of 1st period - Puck is out of play.
19:53 of 1st period - Jordan Staal wins face-off versus Erik Haula in Senateurs zone.
Goals for this period are 0 for Blackhawks vs 1 for Senateurs.
Shots for this period are 13 for Blackhawks vs 12 for Senateurs.

2nd period


0:01 of 2nd period - Erik Haula wins face-off versus Nick Bonino in neutral zone.
0:26 of 2nd period - Jakob Silfverberg is hit by Michael Frolik and loses puck.
0:38 of 2nd period - Minor Penalty to Jamie McBain for Tripping.
0:39 of 2nd period - Erik Haula wins face-off versus Jordan Staal in Blackhawks zone.
1:05 of 2nd period - Jordan Staal is hit by Jordan Martinook and loses puck.
1:57 of 2nd period - Erik Haula is hit by Radko Gudas and loses puck.
2:33 of 2nd period - Minor Penalty to Derick Brassard for Tripping.
2:34 of 2nd period - Brandon Sutter wins face-off versus Jordan Staal in Senateurs zone.
2:38 of 2nd period - Penalty to Jamie McBain is over, Jamie McBain is back on ice.
2:57 of 2nd period - Erik Haula is hit by Radko Gudas and loses puck.
3:02 of 2nd period - Snap shot by Antoine Roussel.
3:02 of 2nd period - Shot Misses the Net.
3:04 of 2nd period - Slapshot by Petter Granberg.
3:04 of 2nd period - Stopped by Martin Jones with a rebound.
4:29 of 2nd period - Slapshot by Jakob Silfverberg.
4:29 of 2nd period - Stopped by Martin Jones with a rebound.
4:33 of 2nd period - Penalty to Derick Brassard is over, Derick Brassard is back on ice.
5:09 of 2nd period - Riley Sheahan is hit by Andrew Mangiapane and loses puck.
5:50 of 2nd period - Radko Gudas is hit by Derick Brassard.
6:05 of 2nd period - Michael Frolik is hit by Johnny Gaudreau and loses puck.
6:27 of 2nd period - Petter Granberg is hit by Brandon Dubinsky and loses puck.
6:38 of 2nd period - Petter Granberg is hit by Erik Gudbranson and loses puck.
6:55 of 2nd period - Wrist shot by Stefan Matteau.
6:55 of 2nd period - Goal by Stefan Matteau - Blackhawks : 1 - Senateurs : 1.
6:56 of 2nd period - Jordan Staal wins face-off versus Erik Haula in neutral zone.
7:01 of 2nd period - Slapshot by Jamie McBain.
7:01 of 2nd period - Stopped by Martin Jones with a rebound.
7:07 of 2nd period - Jakob Silfverberg is hit by David Backes.
7:23 of 2nd period - Nick Bonino is hit by Ladislav Smid and loses puck.
7:27 of 2nd period - Icing by Jamie McBain.
7:28 of 2nd period - Nick Bonino wins face-off versus Brandon Dubinsky in Blackhawks zone.
8:05 of 2nd period - Slapshot by Eric Gelinas.
8:05 of 2nd period - Shot Misses the Net.
8:12 of 2nd period - Minor Penalty to Eric Gelinas for Holding.
8:13 of 2nd period - Brandon Sutter wins face-off versus Jordan Staal in Senateurs zone.
8:13 of 2nd period - Brandon Sutter is hit by Johnny Gaudreau.
8:27 of 2nd period - Slapshot by Brandon Sutter.
8:27 of 2nd period - Shot Blocked by Radko Gudas.
9:22 of 2nd period - Taylor Chorney is hit by Ben Harpur and loses puck.
10:12 of 2nd period - Penalty to Eric Gelinas is over, Eric Gelinas is back on ice.
10:27 of 2nd period - Snap shot by Michael Frolik.
10:27 of 2nd period - Stopped by James Reimer with a rebound.
10:53 of 2nd period - Wrist shot by Michael Frolik.
10:53 of 2nd period - Shot Misses the Net.
10:59 of 2nd period - Michael Frolik is hit by Petter Granberg.
11:13 of 2nd period - Snap shot by Corey Perry.
11:13 of 2nd period - Stopped by Martin Jones with a rebound.
11:15 of 2nd period - Slapshot by Calvin de Haan.
11:15 of 2nd period - Stopped by Martin Jones with a rebound.
11:17 of 2nd period - Slapshot by Mike Amadio.
11:17 of 2nd period - Stopped by Martin Jones with a rebound.
11:19 of 2nd period - Slapshot by Calvin de Haan.
11:19 of 2nd period - Shot Blocked by Ladislav Smid.
11:21 of 2nd period - Slapshot by Calvin de Haan.
11:21 of 2nd period - Shot Blocked by Dmitry Sinitsyn.
11:41 of 2nd period - Slapshot by Corey Perry.
11:41 of 2nd period - Stopped by Martin Jones with a rebound.
11:43 of 2nd period - Wrist shot by Ben Harpur.
11:43 of 2nd period - Shot Misses the Net.
11:49 of 2nd period - Slapshot by Mike Amadio.
11:49 of 2nd period - Stopped by Martin Jones without a rebound.
11:50 of 2nd period - Erik Haula wins face-off versus Nick Bonino in Senateurs zone.
11:53 of 2nd period - Wrist shot by Nick Bonino.
11:53 of 2nd period - Shot Blocked by Derick Brassard.
11:55 of 2nd period - Slapshot by Calvin de Haan.
11:55 of 2nd period - Stopped by Martin Jones with a rebound.
12:02 of 2nd period - Icing by Braydon Coburn.
12:03 of 2nd period - Erik Haula wins face-off versus Jordan Staal in Senateurs zone.
12:15 of 2nd period - Jamie McBain is hit by Derick Brassard and loses puck.
12:52 of 2nd period - Dmitry Sinitsyn is hit by Jordan Staal and loses puck.
14:55 of 2nd period - James Wright is hit by Erik Gudbranson and loses puck.
15:22 of 2nd period - Eric Gelinas is hit by Jamie McBain.
16:00 of 2nd period - Icing by Nick Bjugstad.
16:01 of 2nd period - Brandon Dubinsky wins face-off versus Antoine Roussel in Blackhawks zone.
16:55 of 2nd period - Jamie McBain is hit by Erik Gudbranson and loses puck.
17:29 of 2nd period - Snap shot by Jakob Silfverberg.
17:29 of 2nd period - Stopped by Martin Jones without a rebound.
17:30 of 2nd period - Nick Bonino wins face-off versus Erik Haula in Senateurs zone.
17:33 of 2nd period - Slapshot by Nick Bjugstad.
17:33 of 2nd period - Shot Misses the Net.
17:35 of 2nd period - Backhand shot by Nick Bjugstad.
17:35 of 2nd period - Stopped by Martin Jones with a rebound.
17:37 of 2nd period - Snap shot by Nick Bjugstad.
17:37 of 2nd period - Shot Misses the Net.
17:39 of 2nd period - Snap shot by Radko Gudas.
17:39 of 2nd period - Stopped by Martin Jones with a rebound.
17:41 of 2nd period - Wrist shot by Jamie McBain.
17:41 of 2nd period - Deflect By Eric Gelinas.
17:41 of 2nd period - Stopped by Martin Jones with a rebound.
17:43 of 2nd period - Snap shot by Antoine Roussel.
17:43 of 2nd period - Stopped by Martin Jones without a rebound.
17:44 of 2nd period - Erik Haula wins face-off versus Antoine Roussel in Senateurs zone.
17:44 of 2nd period - Erik Haula is hit by Nick Bjugstad.
17:49 of 2nd period - Erik Gudbranson is hit by Nick Bjugstad and loses puck.
17:52 of 2nd period - Minor Penalty to Antoine Roussel for Hooking.
17:53 of 2nd period - Jordan Staal wins face-off versus Erik Haula in Blackhawks zone.
19:52 of 2nd period - Penalty to Antoine Roussel is over, Antoine Roussel is back on ice.
Goals for this period are 1 for Blackhawks vs 0 for Senateurs.
Shots for this period are 15 for Blackhawks vs 1 for Senateurs.

3rd period


0:01 of 3rd period - Erik Haula wins face-off versus Jordan Staal in neutral zone.
0:06 of 3rd period - Slapshot by David Backes.
0:06 of 3rd period - Stopped by James Reimer without a rebound.
0:07 of 3rd period - Jordan Staal wins face-off versus Erik Haula in Blackhawks zone.
0:12 of 3rd period - Radko Gudas is hit by Erik Haula and loses puck.
0:19 of 3rd period - Wrist shot by David Backes.
0:19 of 3rd period - Stopped by James Reimer without a rebound.
0:20 of 3rd period - Erik Haula wins face-off versus Jordan Staal in Blackhawks zone.
0:28 of 3rd period - Minor Penalty to Jakob Silfverberg for Tripping.
0:29 of 3rd period - Jordan Staal wins face-off versus Erik Haula in Blackhawks zone.
0:34 of 3rd period - Icing by Eric Gelinas.
0:35 of 3rd period - Jordan Staal wins face-off versus Erik Haula in Senateurs zone.
1:11 of 3rd period - Snap shot by Derick Brassard.
1:11 of 3rd period - Shot Misses the Net.
2:01 of 3rd period - Snap shot by Erik Haula.
2:01 of 3rd period - Shot Misses the Net.
2:03 of 3rd period - Slapshot by Erik Haula.
2:03 of 3rd period - Shot Blocked by Antoine Roussel.
2:05 of 3rd period - Slapshot by Erik Gudbranson.
2:05 of 3rd period - Shot Misses the Net.
2:07 of 3rd period - Slapshot by Derick Brassard.
2:07 of 3rd period - Stopped by James Reimer with a rebound.
2:09 of 3rd period - Slapshot by Erik Gudbranson.
2:09 of 3rd period - Shot Misses the Net.
2:11 of 3rd period - Snap shot by Erik Haula.
2:11 of 3rd period - Stopped by James Reimer with a rebound.
2:13 of 3rd period - Backhand shot by Eric Gelinas.
2:13 of 3rd period - Shot Blocked by Ben Harpur.
2:15 of 3rd period - Snap shot by Derick Brassard.
2:15 of 3rd period - Stopped by James Reimer with a rebound.
2:17 of 3rd period - Slapshot by Erik Gudbranson.
2:17 of 3rd period - Shot Blocked by Ben Harpur.
2:28 of 3rd period - Penalty to Jakob Silfverberg is over, Jakob Silfverberg is back on ice.
2:45 of 3rd period - Snap shot by David Backes.
2:45 of 3rd period - Goal by David Backes - Blackhawks : 1 - Senateurs : 2.
2:46 of 3rd period - Jordan Staal wins face-off versus Jordan Martinook in neutral zone.
3:07 of 3rd period - Minor Penalty to Jordan Martinook for Tripping.
3:08 of 3rd period - Jordan Staal wins face-off versus Brandon Sutter in Senateurs zone.
3:46 of 3rd period - Slapshot by Nick Bjugstad.
3:46 of 3rd period - Stopped by Martin Jones without a rebound.
3:47 of 3rd period - Brandon Sutter wins face-off versus Nick Bonino in Senateurs zone.
4:12 of 3rd period - Wrist shot by Johnny Gaudreau.
4:12 of 3rd period - Shot Misses the Net.
4:14 of 3rd period - Slapshot by Ben Harpur.
4:14 of 3rd period - Shot Blocked by Erik Gudbranson.
5:07 of 3rd period - Penalty to Jordan Martinook is over, Jordan Martinook is back on ice.
5:28 of 3rd period - Dmitry Sinitsyn is hit by Andrew Mangiapane and loses puck.
6:23 of 3rd period - Slapshot by Corey Perry.
6:23 of 3rd period - Stopped by Martin Jones with a rebound.
6:39 of 3rd period - Taylor Chorney is hit by Calvin de Haan and loses puck.
6:50 of 3rd period - Mike Amadio is hit by Dmitry Sinitsyn and loses puck.
6:59 of 3rd period - Derick Brassard is hit by Radko Gudas and loses puck.
7:14 of 3rd period - Snap shot by Johnny Gaudreau.
7:14 of 3rd period - Deflect By Jakob Silfverberg.
7:14 of 3rd period - Shot Misses the Net.
7:14 of 3rd period - Puck is out of play.
7:15 of 3rd period - Jordan Staal wins face-off versus Brandon Dubinsky in Senateurs zone.
7:33 of 3rd period - Snap shot by Riley Sheahan.
7:33 of 3rd period - Shot Misses the Net.
7:35 of 3rd period - Snap shot by Eric Gelinas.
7:35 of 3rd period - Deflect By Brandon Dubinsky.
7:35 of 3rd period - Stopped by James Reimer with a rebound.
7:37 of 3rd period - Snap shot by Brandon Dubinsky.
7:37 of 3rd period - Shot Blocked by Jakob Silfverberg.
7:47 of 3rd period - Wrist shot by Riley Sheahan.
7:47 of 3rd period - Shot Blocked by Ben Harpur.
7:49 of 3rd period - Backhand shot by Ladislav Smid.
7:49 of 3rd period - Shot Misses the Net.
7:51 of 3rd period - Wrist shot by Braydon Coburn.
7:51 of 3rd period - Deflect By Jordan Staal.
7:51 of 3rd period - Stopped by James Reimer without a rebound.
7:52 of 3rd period - Nick Bonino wins face-off versus Erik Haula in Blackhawks zone.
7:57 of 3rd period - Antoine Roussel is hit by Erik Gudbranson and loses puck.
8:15 of 3rd period - Icing by Radko Gudas.
8:16 of 3rd period - Brandon Sutter wins face-off versus James Wright in Blackhawks zone.
8:19 of 3rd period - Snap shot by Jordan Martinook.
8:19 of 3rd period - Shot Blocked by James Wright.
8:23 of 3rd period - Wrist shot by Michael Frolik.
8:23 of 3rd period - Stopped by James Reimer with a rebound.
8:25 of 3rd period - Wrist shot by Jordan Martinook.
8:25 of 3rd period - Shot Misses the Net.
8:42 of 3rd period - Minor Penalty to David Backes for Hooking.
8:43 of 3rd period - Jordan Staal wins face-off versus Erik Haula in Senateurs zone.
8:57 of 3rd period - Wrist shot by Jordan Staal.
8:57 of 3rd period - Stopped by Martin Jones with a rebound.
8:59 of 3rd period - Wrist shot by Jakob Silfverberg.
8:59 of 3rd period - Stopped by Martin Jones without a rebound.
9:00 of 3rd period - Erik Haula wins face-off versus Jordan Staal in Senateurs zone.
9:06 of 3rd period - Minor Penalty to Jakob Silfverberg for Interference.
9:07 of 3rd period - Brandon Sutter wins face-off versus Jordan Staal in Blackhawks zone.
9:12 of 3rd period - Snap shot by Brandon Sutter.
9:12 of 3rd period - Stopped by James Reimer without a rebound.
9:13 of 3rd period - Brandon Sutter wins face-off versus Jordan Staal in Blackhawks zone.
9:28 of 3rd period - Snap shot by Jordan Staal.
9:28 of 3rd period - Shot Misses the Net.
9:30 of 3rd period - Slapshot by Jamie McBain.
9:30 of 3rd period - Stopped by Martin Jones with a rebound.
10:00 of 3rd period - Snap shot by Antoine Roussel.
10:00 of 3rd period - Stopped by Martin Jones without a rebound.
10:01 of 3rd period - Jordan Martinook wins face-off versus Nick Bonino in Senateurs zone.
10:03 of 3rd period - Minor Penalty to Eric Gelinas for Holding.
10:04 of 3rd period - Jordan Staal wins face-off versus Brandon Sutter in Senateurs zone.
10:30 of 3rd period - Jordan Staal is hit by Erik Haula and loses puck.
10:42 of 3rd period - Penalty to David Backes is over, David Backes is back on ice.
10:47 of 3rd period - Snap shot by Antoine Roussel.
10:47 of 3rd period - Stopped by Martin Jones without a rebound.
10:48 of 3rd period - Nick Bonino wins face-off versus Brandon Sutter in Senateurs zone.
10:59 of 3rd period - Backhand shot by Antoine Roussel.
10:59 of 3rd period - Deflect By Taylor Chorney.
10:59 of 3rd period - Shot Blocked by Erik Gudbranson.
10:59 of 3rd period - Puck is out of play.
11:00 of 3rd period - Jordan Staal wins face-off versus Brandon Sutter in Senateurs zone.
11:06 of 3rd period - Penalty to Jakob Silfverberg is over, Jakob Silfverberg is back on ice.
11:21 of 3rd period - Snap shot by Johnny Gaudreau.
11:21 of 3rd period - Stopped by Martin Jones with a rebound.
11:23 of 3rd period - Slapshot by Radko Gudas.
11:23 of 3rd period - Shot Blocked by Braydon Coburn.
11:25 of 3rd period - Slapshot by Radko Gudas.
11:25 of 3rd period - Stopped by Martin Jones without a rebound.
11:26 of 3rd period - Nick Bonino wins face-off versus Erik Haula in Senateurs zone.
11:33 of 3rd period - Slapshot by Braydon Coburn.
11:33 of 3rd period - Stopped by James Reimer with a rebound.
12:03 of 3rd period - Penalty to Eric Gelinas is over, Eric Gelinas is back on ice.
12:35 of 3rd period - Snap shot by Nick Bonino.
12:35 of 3rd period - Shot Misses the Net.
12:37 of 3rd period - Snap shot by Robert Hagg.
12:37 of 3rd period - Stopped by Martin Jones with a rebound.
12:55 of 3rd period - Slapshot by Michael Frolik.
12:55 of 3rd period - Stopped by James Reimer without a rebound.
12:56 of 3rd period - Brandon Sutter wins face-off versus Andrew Mangiapane in Blackhawks zone.
13:34 of 3rd period - Andrew Mangiapane is hit by Michael Frolik and loses puck.
13:41 of 3rd period - Snap shot by Corey Perry.
13:41 of 3rd period - Stopped by Martin Jones with a rebound.
13:47 of 3rd period - Wrist shot by Ladislav Smid.
13:47 of 3rd period - Shot Misses the Net.
13:49 of 3rd period - Slapshot by Braydon Coburn.
13:49 of 3rd period - Shot Blocked by Petter Granberg.
13:52 of 3rd period - Icing by Stefan Matteau.
13:53 of 3rd period - Erik Haula wins face-off versus Stefan Matteau in Blackhawks zone.
13:54 of 3rd period - Wrist shot by Derick Brassard.
13:54 of 3rd period - Stopped by James Reimer with a rebound.
14:19 of 3rd period - Snap shot by Corey Perry.
14:19 of 3rd period - Shot Misses the Net.
14:51 of 3rd period - Snap shot by Corey Perry.
14:51 of 3rd period - Shot Misses the Net.
14:53 of 3rd period - Wrist shot by Corey Perry.
14:53 of 3rd period - Goal by Corey Perry - Blackhawks : 2 - Senateurs : 2.
14:54 of 3rd period - Jordan Staal wins face-off versus Brandon Sutter in neutral zone.
14:59 of 3rd period - Snap shot by Jordan Staal.
14:59 of 3rd period - Stopped by Martin Jones without a rebound.
15:00 of 3rd period - Brandon Sutter wins face-off versus Jordan Staal in Senateurs zone.
15:24 of 3rd period - Icing by Eric Gelinas.
15:25 of 3rd period - Brandon Sutter wins face-off versus James Wright in Senateurs zone.
15:42 of 3rd period - Slapshot by James Wright.
15:42 of 3rd period - Stopped by Martin Jones without a rebound.
15:43 of 3rd period - Jordan Staal wins face-off versus Erik Haula in Senateurs zone.
15:46 of 3rd period - Wrist shot by Johnny Gaudreau.
15:46 of 3rd period - Shot Misses the Net.
15:54 of 3rd period - Slapshot by David Backes.
15:54 of 3rd period - Stopped by James Reimer with a rebound.
15:56 of 3rd period - Slapshot by Braydon Coburn.
15:56 of 3rd period - Stopped by James Reimer without a rebound.
15:57 of 3rd period - Riley Sheahan wins face-off versus James Wright in Blackhawks zone.
16:04 of 3rd period - Slapshot by Jamie McBain.
16:04 of 3rd period - Stopped by Martin Jones without a rebound.
16:05 of 3rd period - James Wright wins face-off versus Brandon Dubinsky in Senateurs zone.
16:22 of 3rd period - Wrist shot by Mike Amadio.
16:22 of 3rd period - Stopped by Martin Jones with a rebound.
16:24 of 3rd period - Wrist shot by Mike Amadio.
16:24 of 3rd period - Stopped by Martin Jones with a rebound.
16:26 of 3rd period - Slapshot by James Wright.
16:26 of 3rd period - Stopped by Martin Jones without a rebound.
16:27 of 3rd period - Jordan Staal wins face-off versus Erik Haula in Senateurs zone.
16:42 of 3rd period - Wrist shot by Johnny Gaudreau.
16:42 of 3rd period - Shot Misses the Net.
17:02 of 3rd period - Slapshot by Braydon Coburn.
17:02 of 3rd period - Shot Blocked by Calvin de Haan.
17:04 of 3rd period - Snap shot by Rostislav Olesz.
17:04 of 3rd period - Shot Misses the Net.
17:55 of 3rd period - Snap shot by David Backes.
17:55 of 3rd period - Stopped by James Reimer with a rebound.
18:47 of 3rd period - Ladislav Smid is hit by James Wright and loses puck.
19:21 of 3rd period - Snap shot by Dennis Everberg.
19:21 of 3rd period - Stopped by James Reimer with a rebound.
19:23 of 3rd period - Slapshot by Braydon Coburn.
19:23 of 3rd period - Shot Misses the Net.
19:25 of 3rd period - Slapshot by Braydon Coburn.
19:25 of 3rd period - Shot Blocked by Jamie McBain.
19:27 of 3rd period - Wrist shot by Tim Schaller.
19:27 of 3rd period - Stopped by James Reimer with a rebound.
19:29 of 3rd period - Slapshot by Ladislav Smid.
19:29 of 3rd period - Stopped by James Reimer without a rebound.
19:30 of 3rd period - Nick Bonino wins face-off versus Rostislav Olesz in Blackhawks zone.
Goals for this period are 1 for Blackhawks vs 1 for Senateurs.
Shots for this period are 18 for Blackhawks vs 19 for Senateurs.

Overtime #1


0:01 of 1st overtime period - Brandon Sutter wins face-off versus Johnny Gaudreau in neutral zone.
0:12 of 1st overtime period - Snap shot by Brandon Sutter.
0:12 of 1st overtime period - Shot Blocked by Jamie McBain.
0:37 of 1st overtime period - Snap shot by Erik Haula.
0:37 of 1st overtime period - Deflect By David Backes.
0:37 of 1st overtime period - Shot Misses the Net.
0:37 of 1st overtime period - Puck is out of play.
0:38 of 1st overtime period - Johnny Gaudreau wins face-off versus Brandon Sutter in Blackhawks zone.
0:47 of 1st overtime period - Slapshot by Jamie McBain.
0:47 of 1st overtime period - Shot Misses the Net.
0:49 of 1st overtime period - Wrist shot by Jamie McBain.
0:49 of 1st overtime period - Shot Blocked by Erik Gudbranson.
1:13 of 1st overtime period - Slapshot by Erik Gudbranson.
1:13 of 1st overtime period - Stopped by James Reimer without a rebound.
1:14 of 1st overtime period - Johnny Gaudreau wins face-off versus Brandon Sutter in Blackhawks zone.
1:19 of 1st overtime period - Snap shot by Derick Brassard.
1:19 of 1st overtime period - Shot Misses the Net.
1:21 of 1st overtime period - Snap shot by Brandon Sutter.
1:21 of 1st overtime period - Goal by Brandon Sutter - Blackhawks : 2 - Senateurs : 3.
Goals for this period are 0 for Blackhawks vs 1 for Senateurs.
Shots for this period are 0 for Blackhawks vs 2 for Senateurs.